 Dungeon Crawl Stone Soup version 0.25.0-9-g26727b657a (webtiles) character file.

Game seed: 15824796952526117811

147 Gwenloh the Caller (level 4, -1/36 HPs)
             Began as a Demigod Summoner on June 17, 2020.
             Slain by an orc (3 damage)
             ... on level 3 of the Dungeon on June 18, 2020.
             The game lasted 00:17:47 (4093 turns).

Gwenloh the Caller (Demigod Summoner)               Turns: 4093, Time: 00:17:47

Health: -1/36      AC:  6    Str: 11    XL:     4   Next: 80%
Magic:  8/10       EV: 12    Int: 21    God:
Gold:   68         SH:  0    Dex: 16    Spells: 1/7 levels left

rFire    . . .     SeeInvis .   a - +0 rapier
rCold    . . .     Gourm    .   (no shield)
rNeg     . . .     Faith    .   m - +3 leather armour
rPois    .         Spirit   .   (no helmet)
rElec    .         Reflect  .   (no cloak)
rCorr    .         Harm     .   (no gloves)
MR       .....                  (no boots)
Stlth    ++........             (no amulet)
HPRegen  0.12/turn              (no ring)
MPRegen  0.12/turn              (no ring)

@: no status effects
A: high mp 1
a: no special abilities


You were on level 3 of the Dungeon.
You were not hungry.

You visited 1 branch of the dungeon, and saw 3 of its levels.

You collected 68 gold pieces.

Inventory:

Hand Weapons
 a - a +0 rapier (weapon)
 b - a +0 hunting sling
 d - a +0 short sword
 h - a +0 whip
Missiles
 f - 76 stones
 n - 43 bolts
 q - 19 poisoned darts (quivered)
Armour
 l - a +0 ring mail
 m - a +3 leather armour (worn)
 p - a +0 robe
Jewellery
 v - an uncursed ring of ice {unknown}
Scrolls
 e - 3 scrolls of identify {unknown}
 g - 3 scrolls of enchant weapon {unknown}
 i - a scroll of magic mapping {unknown}
 j - 2 scrolls of fear {unknown}
 r - a scroll of amnesia {unknown}
 s - a scroll of enchant armour {unknown}
 u - a scroll of immolation {unknown}
Potions
 k - 3 potions of curing {unknown}
 o - a potion of cancellation {unknown}
Comestibles
 c - 10 rations
 t - 4 chunks of flesh


   Skills:
 * Level 2.2 Fighting
 + Level 1.2 Armour
 + Level 2.5 Dodging
 - Level 1.7 Stealth
 + Level 2.2 Spellcasting
 * Level 4.3 Summonings


You had one spell level left.
You knew the following spells:

 Your Spells              Type           Power        Failure   Level  Hunger
a - Summon Small Mammal   Summ           ###.         3%          1    #......
b - Call Imp              Summ           ###.....     4%          2    ##.....
c - Call Canine Familiar  Summ           ###.....     10%         3    ###....

Your spell library contained the following spells:

 Spells                   Type           Power        Failure   Level  Hunger
 Summon Guardian Golem    Hex/Summ       ##......     24%         3    ###....
 Summon Ice Beast         Ice/Summ       ##......     61%         4    #####..
 Summon Lightning Spire   Summ/Air       ##......     61%         4    #####..


Dungeon Overview and Level Annotations

Branches:
Dungeon (3/15)


Innate Abilities, Weirdness & Mutations

You have an increased reservoir of magic. (+10% MP)


Message History

The orc wizard hits you but does no damage.
You barely miss the orc wizard.
The orc wizard is lightly wounded.
Your bat hits the orc. The orc misses you.
The orc wizard points at you and mumbles some strange words.
The magic dart hits you!
* * * LOW HITPOINT WARNING * * *
Your quokka barely misses the orc wizard.
The orc hits you.
* * * LOW HITPOINT WARNING * * *
You hit the orc wizard.
The orc wizard is lightly wounded.
Your bat hits the orc but does no damage.
The orc wizard points at you and mumbles some strange words.
The magic dart hits you but does no damage.
Your quokka bites the orc wizard.
The orc hits you with a cursed +0 war axe.
* * * LOW HITPOINT WARNING * * *
The orc hits you.
You die...

### # ..# #. #(#
.o### #r# ...
#o# ### ###.##@#
#.. .#
#.#..b.oo#
#.##)#
#..>....(#
#.##.##
###)#.#.##
#.#...### #
#.#.####........
#............#
###.##...#...#
#.##.......#
..##.#.....#


You could see an orc wizard, 2 orcs, a friendly quokka (summoned) and a friendly
bat (summoned).

Vanquished Creatures
  Jessica (D:2)
  An orc wizard (D:3)
  A dart slug (D:3)
  3 leopard geckos
  2 orcs (D:3)
  3 bats (D:1)
  3 giant cockroaches
  5 goblins
  7 hobgoblins
  2 jackals (D:3)
  4 kobolds
  2 quokkas (D:3)
  A frilled lizard (D:1)
  3 rats
38 creatures vanquished.

Vanquished Creatures (collateral kills)
  An orc priest (D:3)
  3 adders
  2 orcs (D:3)
  A bat (D:1)
  A goblin (D:1)
  A hobgoblin (D:1)
  5 jackals
  A frilled lizard (D:1)
  4 kobolds
19 creatures vanquished.

Grand Total: 57 creatures vanquished

Notes
Turn   | Place    | Note
-------+----------+-------------------------------------------
     0 | D:1      | Gwenloh the Demigod Summoner began the quest for the Orb.
     0 | D:1      | Reached XP level 1. HP: 14/14 MP: 5/5
   506 | D:1      | Reached XP level 2. HP: 11/22 MP: 7/7
   657 | D:1      | Learned a level 2 spell: Call Imp
  1223 | D:1      | Reached skill level 1 in Fighting
  1947 | D:2      | HP: 1/23 [poisoned by an adder]
  1947 | D:2      | Reached XP level 3. HP: 1/28 MP: 4/8
  2131 | D:2      | Learned a level 3 spell: Call Canine Familiar
  2724 | D:2      | Noticed Jessica
  2730 | D:2      | Killed Jessica
  2730 | D:2      | Reached skill level 4 in Summonings
  3447 | D:3      | Reached skill level 1 in Armour
  3447 | D:3      | Reached XP level 4. HP: 3/36 MP: 7/9
  4093 | D:3      | Slain by an orc

Illustrated notes

Levels and vault maps discovered:
D:1:      psy_arrival_fountain, layout_basic, minmay_cut_off
D:2:      layout_basic, first_ration, uniq_jessica
D:3:      layout_loops_corners

Skill      XL: |  1  2  3  4 |
---------------+-------------+-----
Dodging        | 2 |  2.5
Fighting       | 1 2 |  2.2
Spellcasting   | 2 |  2.2
Summonings     | 4 |  4.3
Armour         | 1 |  1.2
Stealth        | |  1.7

Action                   |  1- 3 |  4- 6 || total
-------------------------+-------+-------++-------
Melee: Unarmed           |    22 |       ||    22
       Short sword       |    71 |       ||    71
       Whip              |    50 |       ||    50
       Rapier            |    44 |     8 ||    52
 Fire: Hunting sling     |       |    18 ||    18
Throw: Stone             |    46 |       ||    46
       Dart              |       |     1 ||     1
 Cast: Summon Small Mamm |    22 |     3 ||    25
       Call Imp          |     1 |       ||     1
       Call Canine Famil |     2 |     2 ||     4
  Use: Potion            |     1 |       ||     1
 Stab: Sleeping          |     2 |     1 ||     3
  Eat: Chunk             |     5 |     2 ||     7
       Ration            |     1 |       ||     1
Armor: Robe              |    19 |       ||    19
       Leather armour    |     9 |     3 ||    12
Dodge: Dodged            |   144 |    18 ||   162
